 Dungeon Crawl Stone Soup version 0.26.0-10-g1f06aea511 (webtiles) character file.

Game seed: 4585296899178681925

60 septik the Chopper (level 3, 0/33 HPs)
             Began as a Minotaur Berserker on Jan 28, 2021.
             Was a Believer of Trog.
             Slain by Sigmund
             ... wielding a +0 scythe
              (3 damage)
             ... on level 2 of the Dungeon.
             The game lasted 00:01:59 (1398 turns).

septik the Chopper (Minotaur Berserker)             Turns: 1398, Time: 00:02:00

Health: 0/33       AC:  2    Str: 22    XL:     3   Next: 80%
Magic:  2/2        EV: 12    Int:  4    God:    Trog [**....]
Gold:   119        SH:  0    Dex:  9    Spells: 2/2 levels left

rFire    x . .     SeeInvis .   a - +0 hand axe
rCold    + . .     Faith    .   (no shield)
rNeg     . . .     Spirit   .   b - +0 animal skin
rPois    .         Reflect  .   (helmet restricted)
rElec    .         Harm     .   (no cloak)
rCorr    +         Rampage  .   (no gloves)
Will     .....                  (no boots)
Stlth    +.........             (no amulet)
HPRegen  0.11/turn              d - ring of resist corrosion
MPRegen  0.08/turn              h - ring of ice

@: berserk cooldown, slowed, very slow
A: retaliatory headbutt, horns 2
a: Renounce Religion, Berserk, Trog's Hand


You were on level 2 of the Dungeon.
You worshipped Trog.
Trog was pleased with you.
You visited 1 branch of the dungeon, and saw 2 of its levels.

You collected 119 gold pieces.

Inventory:

Hand Weapons
 a - a +0 hand axe (weapon)
Armour
 b - a +0 animal skin (worn)
 c - a +0 plate armour
Jewellery
 d - a ring of resist corrosion (left hand)
 h - a ring of ice (right hand)
Scrolls
 e - 2 scrolls of fog {unknown}
 g - 5 scrolls of identify {unknown}
 i - a scroll of blinking {unknown}
 j - a scroll of teleportation {unknown}
 m - a scroll of remove curse {unknown}
Potions
 f - a potion of flight {unknown}
 k - 4 potions of curing {unknown}
 l - a potion of resistance {unknown}


   Skills:
 + Level 4.2 Fighting
 * Level 4.6 Axes
 + Level 3.1 Armour
 + Level 2.8 Dodging


You had 2 spell levels left.
You didn't know any spells.
Your spell library was empty.

Dungeon Overview and Level Annotations

Branches:
Dungeon (2/15)

Altars:

Annotations:
D:2 Sigmund


Innate Abilities, Weirdness & Mutations

You reflexively headbutt those who attack you in melee.
You have a pair of horns on your head.


Message History

You're too confused to move!
Sigmund barely misses you. The kobold hits you with a +0 dagger.
You hit Sigmund.
Sigmund is lightly wounded.
You hit the kobold. Sigmund hits you with a +0 scythe!
* * * LOW HITPOINT WARNING * * *
The kobold hits you but does no damage. x2
Sigmund closely misses you.
You barely miss the kobold.
The kobold is severely wounded.
Sigmund barely misses you. The kobold hits you but does no damage.
The kobold hits you with a +0 dagger.
* * * LOW HITPOINT WARNING * * *
You slash the kobold!
You kill the kobold!
Trog accepts your kill.
You feel less confused. Sigmund hits you but does no damage.
Sigmund hits you with a +0 scythe.
You die...

#....##..#.#.# +###.#
##+#.##..#...# .....
.#.##..#)#.#
....#####.#.#.......#
.........#.#.#####.#
#+##'#......#..........
#..#.#......###...#.#.#
#.#.........##...#.... ####
#...@@......##.<.##### ...#
##....(.....+......... ...#
#..(.......########## ...#
#..######.... ...#
#.†############ ...#
#.>...........#
...######################.#
...'................# #.#
...################.# #.#


You could see Sigmund.

Vanquished Creatures
  3 adders (D:2)
  A leopard gecko (D:1)
  3 bats
  2 giant cockroaches (D:1)
  5 goblins
  4 hobgoblins (D:1)
  A quokka (D:2)
  A ball python (D:1)
  5 frilled lizards
  6 kobolds
  3 rats (D:1)
34 creatures vanquished.

Notes
Turn   | Place    | Note
-------+----------+-------------------------------------------
     0 | D:1      | septik the Minotaur Berserker began the quest for the Orb.
     0 | D:1      | Reached XP level 1. HP: 19/19 MP: 0/0
   131 | D:1      | Reached XP level 2. HP: 27/27 MP: 1/1
   865 | D:2      | Reached XP level 3. HP: 22/33 MP: 2/2
  1112 | D:2      | Reached ** piety under Trog
  1383 | D:2      | Noticed Sigmund
  1398 | D:2      | Slain by Sigmund

Illustrated notes

Levels and vault maps discovered:
D:1:      heliophobic_arrival_ceremonial_halls, layout_loops_ring
D:2:      layout_basic, minmay_pentomino_o4, uniq_sigmund

Skill      XL: |  1  2  3 |
---------------+----------+-----
Axes           | 4 |  4.6
Fighting       | 4 |  4.2
Armour         | 3 |  3.1
Dodging        | |  2.8

Action                   || total
-------------------------++-------
Melee: Hand axe          ||    64
       Headbutt          ||    11
Invok: Berserk           ||     1
 Stab: Sleeping          ||     1
Armor: Animal skin       ||    11
Dodge: Dodged            ||    40
